 Dungeon Sprint DCSS version 0.32-a0-350-g4f4d228785 (webtiles) character file.

Game seed: 10072834169829018519

93 rocky1 the Covered (level 4, -10/44 HPs)
             Began as a Mountain Dwarf Fighter on Feb 18, 2024.
             Killed from afar by an oklob sapling (15 damage)
             ... with a splash of acid
             ... in the Dungeon (Sprint IV: "Fedhas' Mad Dash").
             The game lasted 00:00:40 (300 turns).

rocky1 the Covered (Mountain Dwarf Fighter)          Turns: 300, Time: 00:00:41

Health: -10/44     AC:  3    Str: 20    XL:     4   Next: 37%
Magic:  4/4        EV:  9    Int:  9    God:
Gold:   41         SH:  5    Dex:  9    Spells: 3/3 levels left

rFire   . . .        a - +0 flail
rCold   . . .        c - +0 buckler
rNeg    . . .        b - +0 scale mail
rPois   .            (no helmet)
rElec   .            (no cloak)
rCorr   .            (no gloves)
SInv    .            (no boots)
Will    .....        l - amulet of invisibility {+Inv} Stlth
                     (no ring)
HPRegen 0.27/turn    (no ring)
MPRegen 0.09/turn

%: no teleportation
@: corroded, very slightly contaminated, invisible
A: runic magic, artefact enchanting
a: Evoke Invisibility


You were in the Dungeon.
You visited 1 branch You collected 41 gold pieces.

Inventory:

Hand Weapons
 a - a +0 flail (weapon)
Armour
 b - a +0 scale mail (worn)
 c - a +0 buckler (worn)
 k - a +0 tower shield
Jewellery
 l - the amulet of invisibility (around neck) {+Inv}
   (You found it in the Dungeon)

   [amulet of nothing]

   +Inv:      It lets you turn invisible.
Scrolls
 j - a scroll of blinking
 m - a scroll of fog {unknown}
Potions
 d - a potion of might
 e - a potion of curing
 f - a potion of heal wounds
 g - a potion of haste
 h - 2 potions of magic
 i - a potion of berserk rage


   Skills:
 + Level 6.1 Fighting
 + Level 4.4 Maces & Flails
 + Level 6.1 Armour
 + Level 0.5 Dodging
 + Level 5.8 Shields


You had 3 spell levels left.
You didn't know any spells.
Your spell library was empty.

Dungeon Overview and Level Annotations

Branches:
Dungeon (1/1)

Altars:

Annotations:
D exclusion: oklob sapling


Innate Abilities, Weirdness & Mutations

Your spellcasting is much less encumbered by armour.
You can use scrolls of enchantment on lesser artefacts.


Message History

You kill the scorpion!
Your Fighting skill increases to level 6!
Your Maces & Flails skill increases to level 4!
Your Armour skill increases to level 6!
Your Shields skill increases to level 5!
You have reached level 4!
You feel clever.
You now have 10 gold pieces.
l - the amulet of invisibility {+Inv} You now have 20 gold pieces (gained 10).
You now have 25 gold pieces (gained 5).
You now have 39 gold pieces (gained 14).
You now have 41 gold pieces (gained 2).
m - a scroll labelled ESAKYI MEITSECK You start putting on your amulet.
You continue putting on the amulet of invisibility {+Inv}. x5
You finish putting on the amulet of invisibility {+Inv}.
l - the amulet of invisibility (around neck) {+Inv} You fail to use your ability.
You fade into invisibility!
You are very lightly contaminated with residual magic.
You open the door.
An oklob sapling comes into view.
Marking area around an oklob sapling as unsafe for travelling.
Found 16 gold pieces.
There is an open door here.
The oklob sapling spits acid at you. The splash of acid hits you!!
Ouch! That really hurt!
You hit the oklob sapling.
The oklob sapling is lightly damaged.
You hit the oklob sapling.
The oklob sapling is almost destroyed.
The oklob sapling spits acid at you. The splash of acid hits you!!
* * * LOW HITPOINT WARNING * * *
The acid corrodes you! The oklob sapling spits acid at you.
The splash of acid hits you!
You die...

##################
#<..P#.....#.....#
#PP..'.....'.#...+
#PPPP#.รท...#.#...#
###############'##
+.@.# #$P$# #####


You could see an oklob sapling (unable to see you).

Vanquished Creatures
  A scorpion (D)
  An oklob sapling (D)
  A river rat (D)
  A rat (D)
4 creatures vanquished.

Notes
Turn   | Place    | Note
-------+----------+-------------------------------------------
     0 | D        | rocky1 the Mountain Dwarf Fighter began the quest for the
                  | Orb.
     0 | D        | Reached XP level 1. HP: 19/19 MP: 1/1
    13 | D        | Reached XP level 2. HP: 17/27 MP: 2/2
   155 | D        | Noticed an oklob sapling
   159 | D        | Killed an oklob sapling
   160 | D        | Reached skill level 5 in Fighting
   160 | D        | Reached skill level 5 in Armour
   160 | D        | Reached XP level 3. HP: 36/36 MP: 3/3
   262 | D        | Noticed a scorpion
   262 | D        | Found the amulet of invisibility {+Inv}
   270 | D        | Killed a scorpion
   271 | D        | Reached skill level 5 in Shields
   271 | D        | Reached XP level 4. HP: 40/44 MP: 4/4
   300 | D        | Killed from afar by an oklob sapling

Illustrated notes

Levels and vault maps discovered:
D:        dungeon_sprint_fedhas [sprint_temple]

Skill      XL: |  1  2  3 |
---------------+----------+-----
Fighting       | 4 5 6 |  6.1
Armour         | 4 5 6 |  6.1
Shields        | 4 5 |  5.8
Maces & Flails | 3 4 |  4.4
Dodging        | |  0.5

Action                     |  1- 3 |  4- 6 || total
---------------------------+-------+-------++-------
  Melee: Flail             |    16 |     2 ||    18
Ability: Evoke Invisibilit |       |     1 ||     1
 Armour: Scale mail        |    13 |     3 ||    16
  Dodge: Dodged            |     9 |       ||     9
  Block: Buckler           |     4 |       ||     4

Table legend: (Time is in decaauts)
 A = Elapsed time spent in this place.
 B = Non-inter-level travel time spent in this place.
 C = Inter-level travel time spent in this place.
 D = Time resting spent in this place.
 E = Time spent auto-exploring this place.
 F = Levels seen in this place.
 G = Mean time per level.
                   A        B        C        D        E       F      G
               +--------+--------+--------+--------+--------+-----+--------+
         Total |    304 |    304 |      0 |    235 |      0 |   1 |  304.0 |
       Dungeon |    304 |    304 |      0 |    235 |      0 |   1 |  304.0 |
               +--------+--------+--------+--------+--------+-----+--------+

Top non-repeatable levels by time:
       D: 304 daAuts
